 Dungeon Crawl Stone Soup version 0.21.1-1-g345015f (webtiles) character file.

2347 Hasart the Gouger (level 9, -4/37 HPs)
             Began as a Felid Monk on Apr 7, 2018.
             Was a Priest of Dithmenos.
             Killed by divine providence
             ... invoked by an orc priest
              (10 damage)
             ... on level 12 of the Dungeon.
             The game lasted 00:25:35 (14292 turns).

Hasart the Gouger (Felid Monk)                     Turns: 14292, Time: 00:25:36

Health: -4/37      AC:  2    Str:  7    XL:     9   Next: 20%
Magic:  15/15      EV: 28    Int: 12    God:    Dithmenos [***...]
Gold:   421        SH:  0    Dex: 22    Spells: 6/8 levels left
                                        Lives:  0   Deaths: 2

rFire    . . .     SeeInvis +     - Unarmed
rCold    . . .     Gourm    .   (shield unavailable)
rNeg     . . .     Faith    .   (armour unavailable)
rPois    .         Spirit   .   (helmet unavailable)
rElec    .         Reflect  .   (cloak unavailable)
rCorr    .         Harm     .   (gloves unavailable)
MR       +....                  (boots unavailable)
Stlth    +++++++...             (no amulet)
HPRegen  0.12/turn              z - +1 ring of slaying
MPRegen  0.14/turn              (no ring)

@: wreathed by umbra, quick
A: very small, no armour, no weapons or thrown items, stealth, claws 1, fangs 3,
see invisible, carnivore, speed 1, shaggy fur 2, slow metabolism 1, sharp paws
a: Shadow Step, Renounce Religion


You were on level 12 of the Dungeon.
You worshipped Dithmenos.
Dithmenos was most pleased with you.
You were full.

You visited 3 branches of the dungeon, and saw 14 of its levels.

You collected 518 gold pieces.
You spent 97 gold pieces at shops.

Inventory:

Jewellery
 z - a +1 ring of slaying (left paw)
Wands
 f - a wand of iceblast (8)
 l - a wand of disintegration (13)
 p - a wand of polymorph (19)
 r - a wand of digging (15)
 u - a wand of enslavement (2)
Scrolls
 b - 5 scrolls of identify {unknown}
 c - a scroll of enchant armour {unknown}
 e - 2 scrolls of fear {unknown}
 h - 4 scrolls of teleportation {unknown}
 m - 2 scrolls of immolation {unknown}
 n - 2 scrolls of fog {unknown}
 v - a scroll of magic mapping {unknown}
 w - a scroll of vulnerability {unknown}
 x - 2 scrolls of remove curse {unknown}
 y - a scroll of torment {unknown}
Potions
 d - a potion of degeneration {unknown}
 g - 2 potions of agility {unknown}
 i - 2 potions of berserk rage {unknown}
 j - 2 potions of flight {unknown}
 k - 3 potions of curing
 q - a potion of mutation {unknown}
 s - a potion of might {unknown}
 t - a potion of ambrosia {unknown}
Comestibles
 a - 12 rations


   Skills:
 - Level 3.0 Fighting
 + Level 10.1 Dodging
 + Level 10.5 Stealth
 * Level 10.6 Unarmed Combat
 + Level 7.0 Evocations


You had 6 spell levels left.
You knew the following spells:

 Your Spells              Type           Power        Failure   Level  Hunger
a - Blink                 Tloc           N/A          45%         2    ###....


Dungeon Overview and Level Annotations

Branches:
Dungeon (11/15)            Temple (1/1) D:5            Lair (1/6) D:10
    Orc (0/2) D:12

Altars:
Ashenzari
Cheibriados
Dithmenos
Elyvilon
Fedhas
Gozag
Hepliaklqana
Kikubaaqudgha
Makhleb
Nemelex Xobeh
Okawaru
Qazlal
Ru
Sif Muna
Trog
Uskayaw
Vehumet
Wu Jian
Xom
Yredelemnul
The Shining One

Shops:
D:4 *}(   D:7 (   D:10 *

Annotations:
D:6 Flooderbenga's ghost, novice GnNe


Innate Abilities, Weirdness & Mutations

You cannot wear armour.
You are incapable of wielding weapons or throwing items.
Your paws allow you to move quietly. (Stealth)
You have sharp claws.
You have razor-sharp teeth.
You have supernaturally acute eyesight. (SInv)
You are carnivorous and can eat meat at any time.
You cover ground quickly.
You are covered in thick fur. (AC +2)
You have a slow metabolism.
Your sharp claws are effective at attacking unaware monsters.


Message History

Beogh smites you!
* * * LOW HITPOINT WARNING * * *
You hear a howl!
You scratch the orc priest.
The orc priest is almost dead.
You hear a shout!
The orc priest calls upon Beogh to heal the orc priest.
The orc priest is healed somewhat.
The orc priest misses you.
A warg comes into view.
Unknown command.
There is an open door, spattered with blood here.
Items here: ! $ ) ? a dagger of speed; a cyan potion; a scroll labeled KEARATHRY SUNEN 17 gold pieces The warg howls!
The warg completely misses you. The warg completely misses you.
The orc priest mumbles some strange prayers to Beogh against you.
Beogh smites you!
You die...

#...' ..> #.8.## ..#
##..%####.. ..# ##........
..# #)######## #.#
##...o....##..#
###...####o.....# ##....##
##....## #.@.8.+ +.8..#
##########.h...## ##...##
............##...####...##
.........######%......###
.........# #.#########
.......(.# #.# .........#
#.# .........# #.#
.........####.#


You could see a warg and an orc priest.

Vanquished Creatures
  A deep elf mage (D:12)
  An ugly thing (D:12)
  An oklob plant (D:10)
  A centaur zombie (D:10)
  Joseph (D:7)
  3 yaks (D:10)
  An ice beast (D:10)
  An orc warrior (D:12)
  A black bear (D:11)
  A phantom (D:5)
  2 centaurs
  3 ogres
  4 wolves
  A big kobold (D:7)
  5 bullfrogs
  A water moccasin zombie (D:9)
  A scorpion (D:8)
  3 killer bees (D:12)
  2 howler monkeys (D:10)
  2 crimson imps
  8 hounds
  A quasit (D:7)
  2 bullfrog skeletons
  2 bullfrog zombies (D:5)
  5 orc priests
  A gnoll shaman (D:5)
  2 jellies (D:9)
  An iguana (D:9)
  4 centaur skeletons
  5 orc wizards
  7 worker ants
  A worker ant zombie (D:10)
  13 gnolls
  A howler monkey skeleton (D:8)
  18 adders
  3 shadow imps
  3 adder skeletons
  3 worms
  3 dart slugs
  6 leopard geckos
  55 orcs
  2 ball pythons (D:3)
  4 giant cockroaches
  5 goblins
  13 hobgoblins
  3 jackals (D:8)
  17 kobolds
  4 quokkas
  8 bats
  6 frilled lizards
  A quokka zombie (D:8)
  7 rats
  15 plants (D:10)
265 creatures vanquished.

Notes
Turn   | Place    | Note
-------+----------+-------------------------------------------
     0 | D:1      | Hasart the Felid Monk began the quest for the Orb.
     0 | D:1      | Reached XP level 1. HP: 10/10 MP: 2/2
   238 | D:1      | Reached XP level 2. HP: 14/14 MP: 3/3
   755 | D:1      | Reached XP level 3. HP: 17/17 MP: 4/4
  1688 | D:2      | Found a sparkling altar of Nemelex Xobeh.
  1742 | D:2      | HP: 1/25 [poisoned by an adder]
  2063 | D:2      | Found a snail-covered altar of Cheibriados.
  2074 | D:2      | Reached XP level 4. HP: 15/21 MP: 5/5
  2366 | D:2      | Found a white marble altar of Elyvilon.
  2366 | D:2      | Found a radiant altar of Vehumet.
  2371 | D:2      | Found a faded altar of an unknown god.
  2373 | D:2      | Found a shimmering altar of Xom.
  2374 | D:2      | Found an ancient bone altar of Kikubaaqudgha.
  3124 | D:3      | Reached skill level 5 in Dodging
  3704 | D:3      | Reached XP level 5. HP: 20/24 MP: 6/6
  4413 | D:4      | Found an ornate altar of the Wu Jian Council.
  4439 | D:4      | Reached skill level 5 in Unarmed Combat
  4566 | D:4      | Found a burning altar of Makhleb.
  4605 | D:4      | Noticed an ogre
  4980 | D:4      | Found an iron altar of Okawaru.
  4981 | D:4      | Found a bloodstained altar of Trog.
  4986 | D:4      | Reached skill level 5 in Stealth
  5023 | D:4      | Gained mutation: You are covered in thick fur. (AC +2) [Felid growth]
  5023 | D:4      | Reached XP level 6. HP: 9/28 MP: 7/7
  5272 | D:4      | Found Nyuqok's Gadget Emporium.
  5282 | D:4      | Bought a wand of flame (13) for 97 gold pieces
  5357 | D:4      | Found Penilar's Assorted Antiques.
  5601 | D:4      | Found Zugh's Antique Weapon Emporium.
  5698 | D:5      | Entered Level 5 of the Dungeon
  5813 | D:5      | Reached skill level 1 in Evocations
  6202 | D:5      | Found a staircase to the Ecumenical Temple.
  6212 | Temple   | Entered the Ecumenical Temple
  6258 | Temple   | Became a worshipper of Dithmenos the Shadowed
  6258 | Temple   | Reached * piety under Dithmenos
  6258 | Temple   | Reached ** piety under Dithmenos
  6447 | D:5      | Reached XP level 7. HP: 31/31 MP: 7/9
  7497 | D:5      | Found a hazy altar of Hepliaklqana.
  7786 | D:6      | Noticed Flooderbenga's ghost (novice GnNe)
  8622 | D:7      | Noticed Joseph
  8644 | D:7      | Killed Joseph
  8644 | D:7      | Reached XP level 8. HP: 29/34 MP: 11/11
  9080 | D:7      | Found Nicvupn's Antique Weapon Shop.
  9357 | D:8      | Reached *** piety under Dithmenos
 10656 | D:8      | Found a sparkling altar of Nemelex Xobeh.
 10657 | D:8      | Found an opulent altar of Gozag.
 10774 | D:9      | Reached XP level 9. HP: 37/37 MP: 13/13
 11704 | D:9      | Reached skill level 5 in Evocations
 11802 | D:10     | Entered Level 10 of the Dungeon
 11826 | D:10     | Noticed an oklob plant
 11834 | D:10     | Found a staircase to the Lair.
 11839 | D:10     | Killed an oklob plant
 12181 | D:10     | Found Simuavec's Assorted Antiques.
 12218 | D:10     | Reached **** piety under Dithmenos
 12366 | D:10     | Reached XP level 10. HP: 42/42 MP: 15/15
 13036 | D:10     | Learned a level 2 spell: Blink
 13038 | Lair:1   | Entered Level 1 of the Lair of Beasts
 13074 | D:10     | Reached skill level 10 in Unarmed Combat
 13082 | D:10     | Reached skill level 10 in Stealth
 13619 | D:11     | You fall through a shaft!
 13619 | D:12     | Found a staircase to the Orcish Mines.
 13621 | D:12     | Noticed a deep elf mage
 13635 | D:12     | Killed from afar by a battlesphere
 13636 | D:12     | Reached XP level 9. HP: -4/37 MP: 14/14
 13757 | D:12     | Killed from afar by a deep elf mage
 13758 | D:12     | Reached XP level 8. HP: -1/34 MP: 13/13
 13768 | D:12     | Noticed a green ugly thing
 13787 | D:12     | Killed a green ugly thing
 14044 | D:12     | Noticed a slime creature
 14044 | D:12     | Noticed a slime creature
 14045 | D:12     | Noticed a slime creature
 14045 | D:12     | Noticed a slime creature
 14064 | D:12     | Reached skill level 10 in Dodging
 14067 | D:12     | Noticed a two-headed ogre
 14083 | D:12     | Reached XP level 9. HP: 5/37 MP: 15/15
 14266 | D:12     | Killed a deep elf mage
 14292 | D:12     | Killed from afar by an orc priest

Skill      XL: |  1  2  3  4  5  6  7  8  9 10 |
---------------+-------------------------------+-----
Stealth        | 3 4 5 7 8 9 10 | 10.5
Unarmed Combat | 4 5 6 7 8 9 10 | 10.6
Dodging        | 5 6 7 10 9 | 10.1
Evocations     | 1 3 4 7 |  7.0
Fighting       | |  3.0

Action                   |  1- 3 |  4- 6 |  7- 9 | 10-12 || total
-------------------------+-------+-------+-------+-------++-------
Melee: Unarmed           |   114 |   233 |   526 |   310 ||  1183
       Bite              |     6 |    23 |    62 |    66 ||   157
       Punch             |       |     6 |    24 |    29 ||    59
Invok: Shadow Step       |       |       |     1 |       ||     1
Evoke: Wand              |       |       |     3 |       ||     3
  Use: Potion            |     1 |       |     1 |       ||     2
 Stab: Sleeping          |    15 |    22 |    33 |     4 ||    74
       Distracted        |       |     1 |     4 |       ||     5
  Eat: Chunk             |     9 |     9 |    16 |     3 ||    37
Armor: Skin              |     4 |     2 |     6 |       ||    12
Dodge: Dodged            |    61 |   183 |   441 |    44 ||   729
